 Dungeon Crawl Stone Soup version 0.29.0-4-gdea44cf6ec (webtiles) character file.

Game seed: 15170738067662226897

102 qw the Chopper (level 4, 0/28 HPs)
             Began as a Gargoyle Fighter on Sept 8, 2022.
             Slain by an orc wizard
             ... wielding a +0 dagger
              (2 damage)
             ... on level 3 of the Dungeon.
             The game lasted 00:01:04 (2103 turns).

qw the Chopper (Gargoyle Fighter)                   Turns: 2103, Time: 00:01:04

Health: 0/28       AC: 12    Str: 22    XL:     4   Next: 78%
Magic:  4/4        EV:  7    Int:  8    God:
Gold:   116        SH:  4    Dex:  9    Spells: 3/3 levels left

rFire   . . .      SeeInvis .   Y - +1 war axe
rCold   + . .      Faith    .   c - +0 buckler
rNeg    + . .      Spirit   .   j - +0 chain mail
rPois   inf        Reflect  .   (no helmet)
rElec   +          Harm     .   (no cloak)
rCorr   .          Rampage  .   (no gloves)
Will    .....                   (no boots)
Stlth   ..........              (no amulet)
HPRegen 0.09/turn               r - ring of protection from cold
MPRegen 0.09/turn               (no ring)

@: no status effects
A: sickness immunity, AC +3, negative energy resistance 1, electricity
resistance, torment resistance 1, petrification resistance
a: no special abilities


You were on level 3 of the Dungeon.
You visited 1 branch of the dungeon, and saw 3 of its levels.

You collected 116 gold pieces.


Innate Abilities, Weirdness & Mutations

You are immune to sickness and miasma.
Your stone body is resilient. (AC +3)
You are immune to poison.
You resist negative energy. (rN+)
You are resistant to electric shocks. (rElec)
You are resistant to unholy torment.
You are immune to petrification.


   Skills:
 - Level 3.2 Fighting
 + Level 4.4 Axes
 - Level 3.2 Armour
 - Level 3.2 Shields


You had 3 spell levels left.
You didn't know any spells.
Your spell library was empty.

Inventory:

Hand Weapons
 p - a +0 mace
 Y - a +1 war axe (weapon)
Armour
 c - a +0 buckler (worn)
 j - a +0 chain mail (worn)
 o - a +0 cloak
Jewellery
 r - a ring of protection from cold (left hand)
Scrolls
 b - a scroll of poison {unknown}
 k - a scroll of brand weapon {unknown}
 l - a scroll of amnesia {unknown}
 m - a scroll of enchant armour
Potions
 a - a potion of brilliance {unknown}
 d - a potion of might
 e - 2 potions of lignification {unknown}
 f - a potion of attraction {unknown}
 g - a potion of ambrosia {unknown}
 h - a potion of magic {unknown}
 i - a potion of mutation {unknown}
 n - a potion of haste {unknown}

Dungeon Overview and Level Annotations

Branches:
Dungeon (3/15)

Altars:


Message History

The orc wizard flickers and vanishes!
You closely miss something. You miss something.
Something hits you but does no damage. x2; Something hits you.
Something hits you but does no damage.
You closely miss something. You miss something.
Something hits you but does no damage. x2
You closely miss something. You completely miss something.
Something hits you but does no damage.
You hear some strange, mumbled words.
A puff of flame appears from out of thin air!
The puff of flame hits you.
You closely miss something. You barely miss something.
Something hits you but does no damage. You block something's attack.
You closely miss something. x2
Something hits you but does no damage. x3
You hear some strange, mumbled words.
A magic dart appears from out of thin air!
The magic dart hits you!
You barely miss something. x2
Something hits you but does no damage.
You hear some strange, mumbled words.
You are confused.
2099 ||| DRINKING potion of curing.
You feel better.
2099 ||| (to cure confusion)
Something hits you.
You hear some strange, mumbled words.
A magic dart appears from out of thin air!
The magic dart hits you.
You slash something!
Reactivating autopickup.
You feel a bit more experienced.
You hit something. Something hits you but does no damage.
Deactivating autopickup; reactivate with Ctrl-A.
You barely miss something.
Something hits you but does no damage. x2
You closely miss something. Something hits you.
You closely miss something. Something hits you.
You die...

.........# ####..#.####
####.. #.....#.....#
#..?.
......^......##...#
[.....(.......#...#
...............>..#
..................#
..............#...#
................@)#
..............###{......
......................#.
......#....<#########...
.#####............. ..
###....##.######### .
.................
.########.#######
.................


There were no monsters in sight!

Vanquished Creatures
  An orc wizard (D:3)
  2 adders
  2 worms (D:2)
  2 dart slugs (D:2)
  An orc (D:3)
  2 endoplasms
  2 giant cockroaches
  5 goblins
  5 hobgoblins
  4 kobolds
  3 quokkas
  8 ball pythons
  5 bats
  3 frilled lizards
  6 rats
51 creatures vanquished.

Notes
Turn   | Place    | Note
-------+----------+-------------------------------------------
     0 | D:1      | qw the Gargoyle Fighter began the quest for the Orb.
     0 | D:1      | Reached XP level 1. HP: 14/14 MP: 1/1
     0 | D:1      | 0 ||| qw: Version: 0.1-a-112-g44dc6cd
     0 | D:1      | 0 ||| qw: Game counter: 6660
     0 | D:1      | 0 ||| qw: Always use a shield: true
     0 | D:1      | 0 ||| qw: God list: Okawaru
     0 | D:1      | 0 ||| qw: Allow faded altars: false
     0 | D:1      | 0 ||| qw: Do Orc after D:15 true
     0 | D:1      | 0 ||| qw: Do second Lair branch before Depths: true
     0 | D:1      | 0 ||| qw: Lair rune preference: random
     0 | D:1      | 0 ||| qw: Plans: Normal, Zot, God:TSO, Crypt, Tomb, Zig,
                  | Orb
     0 | D:1      | 0 ||| PLANNING D:1-11
   116 | D:1      | Reached skill level 2 in Axes
   288 | D:1      | 288 ||| Stepping ~*~*~tactically~*~*~ (stealth).
   295 | D:1      | Reached XP level 2. HP: 19/19 MP: 2/2
   375 | D:1      | 375 ||| DROPPING +0 club.
   745 | D:1      | Found a faded altar of an unknown god.
   771 | D:1      | 771 ||| UPGRADING to +0 chain mail.
   781 | D:1      | 781 ||| DROPPING +0 scale mail.
   782 | D:1      | 782 ||| DROPPING orb of light.
   783 | D:1      | 783 ||| UPGRADING to ring of protection from cold.
   784 | D:1      | 784 ||| READING scroll labelled CORGHO CIDEUWE.
   785 | D:1      | 785 ||| READING scroll labelled MOM GUEWITROKK.
   789 | D:1      | 789 ||| READING scroll labelled ILESKI NEPPI.
   790 | D:1      | 790 ||| READING 2 scrolls labelled RYAPLE WEHONIO.
   837 | D:2      | 837 ||| STAIRDANCE
   858 | D:2      | 858 ||| STAIRDANCE
   862 | D:2      | 862 ||| STAIRDANCE
   869 | D:1      | Reached skill level 3 in Axes
   869 | D:1      | Reached XP level 3. HP: 13/23 MP: 3/3
  1125 | D:2      | 1125 ||| Stepping ~*~*~tactically~*~*~ (stealth).
  1126 | D:2      | 1126 ||| Stepping ~*~*~tactically~*~*~ (stealth).
  1270 | D:2      | 1270 ||| Stepping ~*~*~tactically~*~*~ (stealth).
  1347 | D:2      | 1347 ||| Stepping ~*~*~tactically~*~*~ (hiding).
  1352 | D:2      | Reached XP level 4. HP: 28/28 MP: 4/4
  1695 | D:2      | Reached skill level 4 in Axes
  1734 | D:2      | 1734 ||| READING scroll labelled UGHUG CAAREO.
  1784 | D:2      | 1784 ||| DRINKING 2 brown potions.
  1818 | D:3      | 1818 ||| Stepping ~*~*~tactically~*~*~ (stealth).
  2099 | D:3      | 2099 ||| DRINKING potion of curing.
  2099 | D:3      | 2099 ||| (to cure confusion)
  2099 | D:3      | HP: 4/28 [something/magic dart (6)]
  2103 | D:3      | Slain by an orc wizard

Levels and vault maps discovered:
D:1:      dpeg_arrival_radiant, layout_loops_ring,
          shapermc_ecumenical_altar_pompeii, corner_web_ring
D:2:      layout_rooms, minmay_door_square
D:3:      layout_rooms, feat_on_display, uniq_robin

Skill      XL: |  1  2  3  4 |
---------------+-------------+-----
Axes           | 2 3 4 |  4.4
Fighting       | |  3.2
Armour         | |  3.2
Shields        | |  3.2

Action                   |  1- 3 |  4- 6 || total
-------------------------+-------+-------++-------
Melee: War axe           |    73 |    57 ||   130
  Use: Scroll            |     4 |     1 ||     5
       Potion            |       |     2 ||     2
Armor: Scale mail        |     6 |       ||     6
       Chain mail        |    33 |    42 ||    75
Dodge: Dodged            |    22 |    14 ||    36
Block: Buckler           |    18 |     7 ||    25

Table legend:
 A = Non-vault XP
 B = Vault XP
 C = Vault XP percentage of total XP
 D = Non-vault monster count
 E = Vault monster count
 F = Vault count percentage of total count
                 A         B        C        D         E       F
            +---------+---------+-------+---------+---------+-------
      Total |     147 |       0 |   0.0 |      51 |       0 |   0.0
            +---------+---------+-------+---------+---------+-------
        D:1 |      38 |       0 |   0.0 |      16 |       0 |   0.0
        D:2 |      61 |       0 |   0.0 |      26 |       0 |   0.0
        D:3 |      48 |       0 |   0.0 |       9 |       0 |   0.0
            +---------+---------+-------+---------+---------+-------
